[Event "Titled Tuesday Blitz July 05 Late 2022"]
[White "Hansen, Eric"]
[Black "Zajic, Milan"]
[WhiteFideId "2606771"]
[BlackFideId "912336"]
[WhiteElo "2568"]
[BlackElo "2445"]
[Result "1-0"]
[Round "06"]
[TimeControl "180+1"]
[Date "2022.07.05"]
[WhiteClock "0:01:04"]
[BlackClock "0:00:01"]

1. b3 e5 2. Bb2 Nc6 3. g3 Nf6 4. Bg2 d5 5. e3 Bg4 6. Ne2 Qd7 7. h3 Be6 8. d3 h5 9. Nd2 O-O-O 10. a3 Bd6 11. Nf3 e4 12. Ng5 Qe7 13. Nxe6 Qxe6 14. b4 Ne5 15. Nd4 Qd7 16. Qe2 Kb8 17. dxe4 dxe4 18. Rd1 Rhe8 19. O-O h4 20. g4 Nfxg4 21. hxg4 h3 22. Bxe4 g6 23. f3 f5 24. gxf5 gxf5 25. Bxf5 Rg8+ 26. Kh1 Qe7 27. Rg1 Rg2 28. Rxg2 hxg2+ 29. Qxg2 Qh4+ 30. Qh3 Qf2 31. f4 Nc4 32. Bc1 Nxa3 33. Rf1 1-0


[Site "https://www.chess.com"]

[Event "Titled Tuesday Blitz July 05 Late 2022"]
[White "Hardaway, Brewington"]
[Black "Paravyan, David"]
[WhiteFideId "30941849"]
[BlackFideId "4194985"]
[WhiteElo "1813"]
[BlackElo "2569"]
[Result "0-1"]
[Round "06"]
[TimeControl "180+1"]
[Date "2022.07.05"]
[WhiteClock "0:00:05"]
[BlackClock "0:01:57"]

1. e4 e5 2. Nf3 Nf6 3. Nc3 Nc6 4. Bb5 Nd4 5. Nxe5 Qe7 6. Nf3 Nxb5 7. Nxb5 Qxe4+ 8. Qe2 Qxe2+ 9. Kxe2 Nd5 10. d3 a6 11. Nbd4 Bc5 12. Nb3 Ba7 13. c3 O-O 14. d4 Re8+ 15. Kd1 d6 16. h3 Bf5 17. Nbd2 c5 18. Nb3 Bd3 19. Re1 f6 20. Be3 Rad8 21. Kd2 Be4 22. Rad1 Rd7 23. Kc1 c4 24. Nbd2 Bd3 25. Nb1 b5 26. Na3 Rde7 27. Kd2 Kf7 28. Ng1 Bb6 29. Nb1 b4 30. cxb4 Nxb4 31. Nc3 Ba5 32. Rc1 Nd5 33. b3 Rb7 34. Nf3 Be4 35. bxc4 Nxc3 36. Rxc3 Rb2+ 37. Kc1 Rb1+ 38. Kd2 Rb2+ 39. Kc1 Bxc3 40. Bd2 Rb1# 0-1


[Site "https://www.chess.com"]

[Event "Titled Tuesday Blitz July 05 Late 2022"]
[White "Huber, Benedikt"]
[Black "Tokhirjonova, Gulrukhbegim"]
[WhiteFideId "12923583"]
[BlackFideId "14203626"]
[WhiteElo "1979"]
[BlackElo "2227"]
[Result "1-0"]
[Round "06"]
[TimeControl "180+1"]
[Date "2022.07.06"]
[WhiteClock "0:00:10"]
[BlackClock "0:00:35"]

1. d4 Nf6 2. Nc3 d5 3. Bf4 e6 4. Nb5 Na6 5. e3 c6 6. Nc3 Nc7 7. Nf3 Bd6 8. Bd3 O-O 9. O-O a6 10. Bxd6 Qxd6 11. e4 dxe4 12. Nxe4 Nxe4 13. Bxe4 h6 14. Qe2 Nd5 15. Rfd1 Bd7 16. c4 Nf6 17. Bc2 Rad8 18. c5 Qf4 19. Ne5 Bc8 20. g3 Qg5 21. Rd2 Nd5 22. h4 Qe7 23. a3 Qe8 24. Re1 f5 25. Nc4 Qg6 26. Ne5 Qf6 27. f4 g5 28. hxg5 hxg5 29. Qh5 gxf4 30. gxf4 Nxf4 31. Qh2 Qg5+ 32. Kh1 Qh5 33. Rg1+ Kh7 34. Qxh5+ Nxh5 35. Rh2 Rf6 36. Rxh5+ Rh6 37. Rxh6+ Kxh6 38. Nf7+ Kh5 39. Nxd8 f4 40. Be4 e5 41. dxe5 Bh3 42. Bf3+ Kh4 43. Nf7 a5 44. Ng5 Bd7 45. e6 Be8 46. e7 a4 47. Ne6 b5 48. Ng7 Bd7 49. e8=Q Bxe8 50. Nxe8 b4 51. Rg4+ Kh3 52. Nf6 bxa3 53. Ne4 axb2 54. Ng5# 1-0


[Site "https://www.chess.com"]

[Event "Titled Tuesday Blitz July 05 Late 2022"]
[White "Issani, Nameer"]
[Black "Poltorak, Sebastian"]
[WhiteFideId "2619130"]
[BlackFideId "1199498"]
[WhiteElo "2644"]
[BlackElo "2104"]
[Result "0-1"]
[Round "06"]
[TimeControl "180+1"]
[Date "2022.07.06"]
[WhiteClock "0:00:05"]
[BlackClock "0:00:08"]

1. d4 Nf6 2. c4 e6 3. Nc3 Bb4 4. e3 O-O 5. Ne2 c5 6. a3 Bxc3+ 7. Nxc3 cxd4 8. exd4 d5 9. Be3 b6 10. cxd5 Nxd5 11. Bd3 Bb7 12. O-O Nd7 13. Rc1 N7f6 14. Qe2 Rc8 15. Rfd1 Qe7 16. Bg5 Nxc3 17. bxc3 h6 18. Bd2 Rfd8 19. a4 Qd7 20. Ra1 Qd5 21. f3 e5 22. Bf5 exd4 23. Bxc8 d3 24. Qe7 Rxc8 25. Bf4 Re8 26. Qd6 Ba6 27. a5 Qxd6 28. Bxd6 Bc4 29. axb6 axb6 30. Rab1 b5 31. Bc5 Nd5 32. Bd4 Nf4 33. Re1 Ra8 34. Be3 Nd5 35. Bd4 Ra2 36. Ra1 Rc2 37. Rec1 Rb2 38. Rcb1 Re2 39. Re1 Rd2 40. Red1 Rc2 41. Rdc1 Nf4 42. Rxc2 dxc2 43. Kf2 c1=Q 44. Rxc1 Nd3+ 45. Ke3 Nxc1 46. Be5 Nb3 47. h4 f6 48. Bd6 Kf7 49. Bb4 Ke6 50. Ke4 g6 51. g4 f5+ 52. Kf4 Kf6 53. gxf5 gxf5 54. Bd6 Nc1 55. Ke3 Nd3 56. Bc7 Ke6 57. Bd8 Nc5 58. Bb6 Nd7 59. Bd4 Nf6 60. Kf4 Nd5+ 61. Kg3 Be2 62. Kf2 Bd1 63. Kg3 f4+ 64. Kg4 h5+ 65. Kxh5 Bxf3+ 66. Kg5 Be4 67. h5 f3 68. h6 Kf7 69. Kg4 Kg6 70. Kg3 Kxh6 71. Kf2 Kg5 72. Be5 Kf5 73. Bg7 Nf4 74. Ke3 Bb7 75. Bd4 Ng2+ 76. Kd3 Kg4 77. c4 bxc4+ 78. Kxc4 Kf4 79. Kc5 Ne3 80. Kb6 f2 81. Kxb7 f1=Q 82. Bb6 Qb5 83. Kc7 Nd5+ 84. Kc8 Qc6+ 0-1


[Site "https://www.chess.com"]

[Event "Titled Tuesday Blitz July 05 Late 2022"]
[White "Janaszak, Dawid"]
[Black "Kosteniuk, Alexandra"]
[WhiteFideId "1119206"]
[BlackFideId "4128125"]
[WhiteElo "2199"]
[BlackElo "2469"]
[Result "0-1"]
[Round "06"]
[TimeControl "180+1"]
[Date "2022.07.05"]
[WhiteClock "0:00:02"]
[BlackClock "0:00:08"]

1. e4 c6 2. d4 d5 3. exd5 cxd5 4. Bd3 Nc6 5. c3 Nf6 6. Bf4 Bg4 7. Qb3 e5 8. h3 exf4 9. hxg4 Qc7 10. g5 Nd7 11. Qxd5 O-O-O 12. Qf5 g6 13. Qxf7 Be7 14. Ne2 Bxg5 15. Nd2 Rhe8 16. Rxh7 Be7 17. O-O-O Nde5 18. dxe5 Nxe5 19. Qe6+ Kb8 20. Bxg6 Nxg6 21. Qxg6 Qa5 22. Kb1 Bc5 23. Nc1 Bxf2 24. Qf7 Qb5 25. a4 Qb6 26. Nc4 Qc6 27. Rxd8+ Rxd8 28. Na5 Qe4+ 29. Nd3 Qxd3+ 30. Ka2 Qd5+ 31. Qxd5 Rxd5 32. Nxb7 Rg5 33. b4 Rxg2 34. Kb3 Be1 35. Na5 f3 36. Nc6+ Kc8 37. Nxa7+ Kd8 38. Nc6+ Kc8 39. Ne7+ Kd8 40. Nc6+ Kc8 41. Ne7+ Kd8 42. Rf7 f2 43. Nc6+ Ke8 44. Rf3 Rg1 45. a5 f1=Q 46. Rxf1 Rxf1 47. a6 Bf2 48. c4 Rb1+ 49. Ka4 Kd7 50. Kb5 Kc7 51. c5 Be1 52. a7 Kb7 53. Kc4 Rc1+ 54. Kb5 Rb1 55. Kc4 Rc1+ 56. Kb5 Ra1 57. Na5+ Kxa7 58. Nb3 Rb1 59. Kc4 Bf2 60. Na5 Be1 61. Nc6+ Kb7 62. b5 Rc1+ 63. Kd5 Bf2 64. Nd8+ Kc8 65. Ne6 Kd7 66. c6+ Ke7 67. c7 Kd7 68. b6 Bxb6 0-1


[Site "https://www.chess.com"]

[Event "Titled Tuesday Blitz July 05 Late 2022"]
[White "Jaskolka, Tomasz"]
[Black "Diaz Rosas, Julio Cesar"]
[WhiteFideId "1170791"]
[BlackFideId "5105099"]
[WhiteElo "2073"]
[BlackElo "2278"]
[Result "1-0"]
[Round "06"]
[TimeControl "180+1"]
[Date "2022.07.06"]
[WhiteClock "0:00:01"]
[BlackClock "0:00:01"]

1. d4 d5 2. Bf4 c5 3. e3 Nc6 4. c3 Nf6 5. Nd2 Qb6 6. Qb3 c4 7. Qc2 g6 8. f3 Bg7 9. e4 e5 10. exd5 Bf5 11. Qa4 Qxb2 12. dxc6 b5 13. Qd1 exf4 14. Qc1 Qxc1+ 15. Rxc1 O-O 16. Kf2 Rfe8 17. Ne2 Nd5 18. g4 Bd3 19. Ne4 Re6 20. Bg2 Rxc6 21. Rhe1 Re8 22. g5 Ra6 23. h4 Rxa2 24. Ra1 Rb2 25. Bf1 Nxc3 26. Nxc3 Bxd4+ 27. Kg2 Bxc3 28. Rec1 Bxe2 29. Rxc3 Bxf1+ 30. Kxf1 Ree2 31. Rxa7 Rh2 32. Kg1 Rxh4 33. Rca3 Rh3 34. Re7 Rg3+ 35. Kf1 Rxg5 36. Ra8+ Kg7 37. Raa7 Rf5 38. Rab7 h5 39. Kg1 h4 40. Kh1 h3 41. Red7 g5 42. Re7 Kg6 43. Rb6+ Kh5 44. Re8 Kh4 45. Re1 c3 46. Rg1 Rg2 47. Re1 Kg3 48. Rc1 Rc5 49. Rf6 Kxf3 50. Rh6 Kg3 51. Rf1 c2 52. Rc1 Rd5 53. Rf1 Rd1 54. Rxh3+ 1-0


[Site "https://www.chess.com"]

[Event "Titled Tuesday Blitz July 05 Late 2022"]
[White "Keymer, Vincent"]
[Black "Halkias, Stelios"]
[WhiteFideId "12940690"]
[BlackFideId "4201809"]
[WhiteElo "2548"]
[BlackElo "2453"]
[Result "0-1"]
[Round "06"]
[TimeControl "180+1"]
[Date "2022.07.05"]
[WhiteClock "0:00:02"]
[BlackClock "0:00:14"]

1. Nf3 Nf6 2. c4 e6 3. Nc3 Bb4 4. Qc2 c5 5. a3 Bxc3 6. Qxc3 d6 7. b4 e5 8. d3 O-O 9. Bb2 b6 10. e3 Nc6 11. Be2 Bg4 12. h3 Be6 13. b5 Ne7 14. a4 h6 15. O-O Ng6 16. Rfd1 Re8 17. Bf1 a5 18. d4 cxd4 19. exd4 e4 20. d5 Bxh3 21. Nd4 Bg4 22. Nc6 Qd7 23. Re1 Qf5 24. Qg3 Nh5 25. Qh2 Nhf4 26. Bd4 Ne5 27. Qg3 h5 28. Be3 g5 29. Bxb6 h4 30. Qe3 h3 31. Nxe5 Rxe5 32. Bd4 hxg2 33. Bxg2 Nxg2 34. Qg3 Nxe1 35. Rxe1 Rae8 36. Bxe5 Rxe5 37. b6 Bf3 38. b7 Re8 39. Qxd6 Qh3 40. Qg3 Qh1# 0-1


[Site "https://www.chess.com"]

[Event "Titled Tuesday Blitz July 05 Late 2022"]
[White "Koc, Przemyslaw"]
[Black "Nguyen, Quoc Hy"]
[WhiteFideId "1109081"]
[BlackFideId "12410853"]
[WhiteElo "2134"]
[BlackElo "1938"]
[Result "0-1"]
[Round "06"]
[TimeControl "180+1"]
[Date "2022.07.06"]
[WhiteClock "0:00:07"]
[BlackClock "0:00:18"]

1. d4 d5 2. Nf3 Nf6 3. c3 Bf5 4. Qb3 Qc8 5. Bf4 e6 6. e3 Bd6 7. Ne5 O-O 8. Nd2 Nc6 9. Ndf3 Nd7 10. Nxc6 bxc6 11. Qa4 c5 12. Bb5 Nb6 13. Qd1 Bxf4 14. exf4 cxd4 15. cxd4 c5 16. Rc1 c4 17. O-O Qb7 18. Ne5 Rfc8 19. g4 Be4 20. f3 a6 21. Ba4 Nxa4 22. Qxa4 Qxb2 23. fxe4 Qxd4+ 24. Kh1 Qxe4+ 25. Nf3 Qxf4 26. Qc2 Qxg4 27. Ne5 Qh5 28. Nxf7 Rf8 29. Nd6 Qe5 30. Nb7 Qc7 31. Qb2 Rxf1+ 32. Rxf1 c3 33. Qb4 c2 34. Qb2 Rb8 35. Rc1 Rxb7 36. Qxc2 Qxc2 37. Rxc2 Kf7 38. Kg2 Kf6 39. Kf3 Rb4 40. Ke3 Ra4 41. Kd3 g5 42. Rf2+ Kg6 43. Kc3 Rc4+ 44. Kb3 e5 45. a4 Rc6 46. Kb4 e4 47. Rd2 e3 48. Rxd5 Re6 49. Rd1 e2 50. Re1 h5 51. Kc4 g4 52. Kd5 Kf5 53. a5 Re5+ 54. Kd4 Kf4 55. Kd3 Kf3 56. Kd4 Re4+ 57. Kd3 Re8 58. h3 gxh3 0-1


[Site "https://www.chess.com"]

[Event "Titled Tuesday Blitz July 05 Late 2022"]
[White "Kohler, Aran"]
[Black "Kopczynski, Michal"]
[WhiteFideId "1002856"]
[BlackFideId "1124200"]
[WhiteElo "2290"]
[BlackElo "2235"]
[Result "0-1"]
[Round "06"]
[TimeControl "180+1"]
[Date "2022.07.06"]
[WhiteClock "0:00:20"]
[BlackClock "0:00:13"]

1. e4 c5 2. Nf3 d6 3. d4 cxd4 4. Nxd4 Nf6 5. Nc3 g6 6. h3 Bg7 7. Bc4 O-O 8. Bb3 Nc6 9. Be3 Bd7 10. O-O Qa5 11. Qd2 Rfc8 12. Rad1 Ne5 13. Nd5 Qxd2 14. Rxd2 Nxd5 15. Bxd5 Nc4 16. Bxc4 Rxc4 17. c3 Rac8 18. f3 b5 19. a3 a5 20. Rfd1 b4 21. axb4 axb4 22. Ne2 bxc3 23. bxc3 Ba4 24. Rc1 f5 25. exf5 gxf5 26. Bd4 Bh6 27. f4 Kf7 28. Ra1 Rg8 29. Rda2 Bc6 30. g3 Bf3 31. Kf2 Be4 32. Ra7 Bf8 33. R1a4 Rxa4 34. Rxa4 h5 35. h4 Bg7 36. Bxg7 Rxg7 37. Nd4 Kf6 38. Ra6 Rg8 39. Ra7 Rc8 40. Ra3 Rb8 41. Ke3 Rb2 42. Nf3 Rg2 43. Ng5 Rxg3+ 44. Kd4 Rg4 45. Nxe4+ fxe4 46. Kxe4 Rxh4 47. Ra6 Rh3 48. c4 Rc3 49. Rc6 h4 50. Rc8 h3 51. Kd4 Rc2 52. Rh8 h2 53. Rh5 Kg6 54. Rh3 Kf5 55. Kd5 Kxf4 56. Ke6 Kg4 57. Rh8 Kg3 58. Kxe7 Rxc4 59. Kxd6 Rh4 60. Rg8+ Rg4 61. Rh8 Kg2 62. Ke5 h1=Q 0-1


[Site "https://www.chess.com"]

[Event "Titled Tuesday Blitz July 05 Late 2022"]
[White "Kozionov, Kirill"]
[Black "Voege, Tobias"]
[WhiteFideId "24101729"]
[BlackFideId "1270513"]
[WhiteElo "2426"]
[BlackElo "2379"]
[Result "1-0"]
[Round "06"]
[TimeControl "180+1"]
[Date "2022.07.06"]
[WhiteClock "0:00:05"]
[BlackClock "0:00:01"]

1. b3 Nf6 2. Bb2 g6 3. Nf3 Bg7 4. g3 O-O 5. Bg2 c5 6. O-O Nc6 7. c4 d6 8. d4 cxd4 9. Nxd4 Bd7 10. Nc3 Nxd4 11. Qxd4 Bc6 12. Qd2 Nd7 13. e4 a6 14. Nd5 Bxb2 15. Qxb2 b5 16. cxb5 axb5 17. Nb4 Bb7 18. Qd4 Qb6 19. Qxb6 Nxb6 20. Rac1 Rfc8 21. Rfe1 Rc5 22. e5 Bxg2 23. Kxg2 Rxe5 24. Rxe5 dxe5 25. Rc5 e4 26. Rxb5 Nc8 27. a4 Nd6 28. Rb6 f5 29. Nc6 Kf7 30. a5 Ke6 31. b4 Kd7 32. Ne5+ Ke6 33. Nc4 Rc8 34. a6 e3 35. Nxe3 Ke5 36. b5 Kd4 37. Rxd6+ exd6 38. b6 Kc5 39. b7 1-0


[Site "https://www.chess.com"]

[Event "Titled Tuesday Blitz July 05 Late 2022"]
[White "Krstulovic, Alex"]
[Black "Souleidis, Georgios"]
[WhiteFideId "760056"]
[BlackFideId "4206827"]
[WhiteElo "2244"]
[BlackElo "2401"]
[Result "1-0"]
[Round "06"]
[TimeControl "180+1"]
[Date "2022.07.06"]
[WhiteClock "0:00:02"]
[BlackClock "0:00:04"]

1. e4 c6 2. d4 d5 3. e5 c5 4. dxc5 e6 5. a3 Bxc5 6. b4 Be7 7. Qg4 g6 8. Nf3 h5 9. Qf4 a5 10. b5 Nd7 11. Bb2 Nh6 12. Bd3 Nc5 13. h4 a4 14. Bd4 Nxd3+ 15. cxd3 Qa5+ 16. Nc3 Bd7 17. Rb1 Rc8 18. O-O Nf5 19. Rfc1 Bxa3 20. Rc2 Nxd4 21. Qxd4 Be7 22. Rbc1 O-O 23. Nxa4 Rxc2 24. Rxc2 Bxb5 25. Nb6 Bxd3 26. Rc7 Bd8 27. Rxb7 Bxb6 28. Qxd3 Qa1+ 29. Kh2 Bxf2 30. Qd2 Qf1 31. Qh6 Bc5 32. Rb5 Qf2 33. Rxc5 Ra8 34. Rc2 Qxc2 35. Ng5 Qf5 36. Qh7+ Kf8 37. Qh8+ Ke7 38. Qxa8 Qxe5+ 39. Kg1 Qe1+ 40. Kh2 Qxh4+ 41. Nh3 Qf6 42. Qa3+ Ke8 43. Qa8+ Ke7 44. Qa3+ Ke8 45. Qa8+ Qd8 46. Qc6+ Qd7 47. Qc5 Qe7 48. Qc8+ Qd8 49. Qc6+ Kf8 50. Qc5+ Kg8 51. Qd4 Qd6+ 52. g3 e5 53. Qa7 d4 54. Qa8+ Kg7 55. Ng5 Qf6 56. Ne4 Qe6 57. Qb7 d3 58. Qb2 Qd5 59. Nd2 f6 60. Qc3 Kh6 61. Qc7 e4 62. Qd8 Kg7 63. Qxd5 1-0


[Site "https://www.chess.com"]

[Event "Titled Tuesday Blitz July 05 Late 2022"]
[White "Ladan, Nicholas"]
[Black "Idani, Pouya"]
[WhiteFideId "30918855"]
[BlackFideId "12510130"]
[WhiteElo "2167"]
[BlackElo "2610"]
[Result "0-1"]
[Round "06"]
[TimeControl "180+1"]
[Date "2022.07.06"]
[WhiteClock "0:00:03"]
[BlackClock "0:00:23"]

1. d4 Nf6 2. c4 g6 3. Nf3 Bg7 4. g3 O-O 5. Bg2 d6 6. O-O Nc6 7. Nc3 Bf5 8. d5 Na5 9. Re1 Nxc4 10. e4 Bg4 11. h3 Bxf3 12. Bxf3 c6 13. Bg2 c5 14. a4 a6 15. Qe2 Na5 16. Rb1 Nb3 17. Be3 Rb8 18. Qc4 Na5 19. Qe2 Nd7 20. Nd1 c4 21. h4 b5 22. axb5 axb5 23. h5 Ne5 24. h6 Bh8 25. Nc3 Nd3 26. Red1 Nb3 27. Qc2 Nd4 28. Bxd4 Bxd4 29. Rxd3 cxd3 30. Qxd3 Bf6 31. Nxb5 Qa5 32. Nd4 Qa2 33. Nc6 Rxb2 34. Rxb2 Qxb2 35. Qa6 Qc1+ 36. Bf1 Qxh6 37. Qb7 Re8 38. Qd7 Qf8 39. Bb5 Ra8 40. Kg2 Kg7 41. Be2 Qc8 42. Qxc8 Rxc8 43. Bf3 Rc7 44. Nb4 Rb7 45. Nd3 Rb3 46. Nf4 Be5 47. Ne2 Rb2 48. Ng1 Bd4 49. Nh3 h6 50. Bd1 g5 51. Kf3 e6 52. dxe6 fxe6 53. Be2 d5 54. exd5 exd5 55. Bd3 Rb3 56. Ke2 Be5 57. f4 Bf6 58. fxg5 hxg5 59. Nf2 Bd4 60. Nd1 Ra3 61. Ne3 Bxe3 62. Kxe3 Kf6 63. Ke2 Ke5 64. g4 Kf4 65. Bf5 Re3+ 66. Kf2 Rf3+ 67. Ke2 Rg3 68. Kf2 Rxg4 69. Bd7 Rg3 70. Ke2 Ra3 71. Kf2 g4 72. Kg2 Ra2+ 73. Kf1 d4 74. Bc6 Rb2 75. Ke1 Ke3 76. Kd1 g3 77. Ba8 g2 78. Bxg2 Rxg2 79. Kc1 d3 0-1


[Site "https://www.chess.com"]

[Event "Titled Tuesday Blitz July 05 Late 2022"]
[White "Leiva, Gianmarco"]
[Black "Reprintsev, Alexander"]
[WhiteFideId "3804399"]
[BlackFideId "14100541"]
[WhiteElo "2323"]
[BlackElo "2108"]
[Result "1/2-1/2"]
[Round "06"]
[TimeControl "180+1"]
[Date "2022.07.06"]
[WhiteClock "0:00:05"]
[BlackClock "0:00:15"]

1. e4 d5 2. exd5 Qxd5 3. Nc3 Qa5 4. Bc4 Nf6 5. d4 Bg4 6. Nf3 Nc6 7. Bb5 O-O-O 8. Bxc6 bxc6 9. h3 Qh5 10. Be3 Bxf3 11. Qxf3 Qxf3 12. gxf3 g6 13. Ne4 Bg7 14. c3 Nd5 15. Ng5 Rdf8 16. h4 h6 17. Ne4 e5 18. dxe5 Bxe5 19. Bxa7 f5 20. Nd2 Bf4 21. Nb3 Re8+ 22. Kf1 Nb6 23. Bxb6 cxb6 24. Re1 c5 25. Kg2 Kc7 26. a4 Kc6 27. a5 b5 28. Nc1 Bxc1 29. Rxc1 Re2 30. Rhe1 Rhe8 31. Rxe2 Rxe2 32. a6 Kb6 33. Ra1 Ka7 34. b3 Rb2 35. b4 cxb4 36. cxb4 Rxb4 37. h5 gxh5 38. Rd1 Kxa6 39. Rd5 Rc4 40. Rxf5 b4 41. Rxh5 b3 42. Rxh6+ Ka5 43. Rh8 Rc6 44. Rh1 b2 45. f4 Kb4 46. Rh8 Rb6 47. Rh1 Kc3 48. Kf3 b1=Q 49. Rxb1 Rxb1 50. Ke4 Re1+ 51. Kd5 Rf1 52. f5 Rxf2 53. Ke5 Re2+ 54. Kd5 Rd2+ 55. Ke5 Kc4 56. f6 Kc5 57. f7 Re2+ 58. Kf6 Rf2+ 59. Ke7 Rxf7+ 60. Kxf7 1/2-1/2


[Site "https://www.chess.com"]

[Event "Titled Tuesday Blitz July 05 Late 2022"]
[White "Lozano Ramirez, Nestor Favian"]
[Black "Korchmar, Vasiliy"]
[WhiteFideId "4412672"]
[BlackFideId "24131750"]
[WhiteElo "2257"]
[BlackElo "2370"]
[Result "0-1"]
[Round "06"]
[TimeControl "180+1"]
[Date "2022.07.06"]
[WhiteClock "0:00:34"]
[BlackClock "0:01:10"]

1. c4 c6 2. g3 d5 3. Nf3 Nf6 4. Bg2 Bg4 5. Ne5 Bf5 6. cxd5 cxd5 7. Nc3 e6 8. g4 Be4 9. Qa4+ Nbd7 10. f3 Bc2 11. Nxf7 Kxf7 12. Qxc2 d4 13. Ne4 Nxe4 14. Qxe4 Qh4+ 15. Kf1 Nf6 16. Qxb7+ Be7 17. b3 d3 18. Ba3 dxe2+ 19. Kxe2 Rae8 20. Qxa7 Nd5 21. Bxe7 Rxe7 22. Qf2 Nf4+ 23. Kf1 Qf6 24. Re1 Nd3 25. Qe3 Nxe1 26. Qxe1 Rc8 27. Kf2 Rc2 28. Qe3 Rxa2 29. f4 Rd7 30. Rd1 Qh4+ 31. Kf3 Qd8 32. Bf1 Rdxd2 33. Rxd2 Rxd2 34. Bc4 Qa8+ 35. Qe4 Rf2+ 36. Ke3 Qa7+ 37. Kd3 Qd7+ 38. Ke3 Qd2# 0-1


[Site "https://www.chess.com"]

[Event "Titled Tuesday Blitz July 05 Late 2022"]
[White "Madaminov, Mukhiddin"]
[Black "Kamsky, Gata"]
[WhiteFideId "14210703"]
[BlackFideId "2000024"]
[WhiteElo "2011"]
[BlackElo "2645"]
[Result "0-1"]
[Round "06"]
[TimeControl "180+1"]
[Date "2022.07.05"]
[WhiteClock "0:00:05"]
[BlackClock "0:00:25"]

1. d4 d5 2. c4 c6 3. cxd5 cxd5 4. Nc3 e6 5. Bf4 Bd6 6. Bxd6 Qxd6 7. e3 Nc6 8. Bd3 Nge7 9. f4 Bd7 10. Nf3 f6 11. O-O O-O 12. Rc1 Rad8 13. a3 Be8 14. Qe1 Bg6 15. Be2 h6 16. b4 Kh8 17. Qd2 Qb8 18. Na4 b6 19. Nc3 Qd6 20. Nd1 a5 21. b5 Na7 22. Qb2 Rc8 23. Nf2 Qd7 24. a4 Nf5 25. Bd3 Bh7 26. Rfe1 Rxc1 27. Qxc1 Nc8 28. Qd2 Ncd6 29. Rc1 Rc8 30. g4 Ne7 31. Bxh7 Kxh7 32. Rc2 Kg8 33. h3 Rc4 34. Rxc4 Nxc4 35. Qc3 Nc8 36. e4 Qd6 37. e5 Qb4 38. Qc2 fxe5 39. fxe5 Ne7 40. Nd1 Qa3 41. Kf2 Kf7 42. Nc3 Ng6 43. h4 Qb2 44. Qxb2 Nxb2 45. Ke3 Ne7 46. h5 g6 47. Nd2 gxh5 48. gxh5 Nf5+ 49. Kf4 Nxd4 50. Nf1 Nc4 51. Ng3 Kg7 52. Nf1 Nb3 53. Ng3 Nc5 54. Nge2 Nd3+ 55. Kf3 Ndxe5+ 56. Kf4 Kf6 57. Nd4 Nd3+ 58. Kf3 e5 59. Nxd5+ Kg5 60. Ne6+ Kxh5 61. Ke4 Ndb2 62. Nec7 Nxa4 63. Na8 Nc5+ 64. Kf5 a4 65. Naxb6 Nxb6 66. Nxb6 a3 67. Nd7 Nxd7 68. b6 Nxb6 69. Kxe5 a2 70. Ke6 a1=Q 71. Kf7 Kg5 72. Kg8 Qf6 73. Kh7 h5 74. Kg8 h4 75. Kh7 h3 76. Kg8 h2 77. Kh7 h1=R+ 78. Kg8 Rh8# 0-1


[Site "https://www.chess.com"]

[Event "Titled Tuesday Blitz July 05 Late 2022"]
[White "Maghsoodloo, Parham"]
[Black "Rustemov, Alexander"]
[WhiteFideId "12539929"]
[BlackFideId "4119002"]
[WhiteElo "2607"]
[BlackElo "2734"]
[Result "0-1"]
[Round "06"]
[TimeControl "180+1"]
[Date "2022.07.05"]
[WhiteClock "0:00:11"]
[BlackClock "0:00:32"]

1. e4 e6 2. d4 d5 3. Nc3 dxe4 4. Nxe4 Bd7 5. Bd3 Bc6 6. Nf3 Nd7 7. Qe2 Ngf6 8. Nxf6+ Nxf6 9. c3 Bxf3 10. Qxf3 Qd5 11. Qg3 c6 12. Be3 g6 13. O-O Be7 14. c4 Qd7 15. Rfd1 O-O 16. Qf3 Rfd8 17. Rab1 a5 18. g3 a4 19. Kg2 b5 20. b3 axb3 21. axb3 Kg7 22. Qe2 Rdb8 23. Bf4 Bd6 24. Be5 Qe7 25. f4 bxc4 26. bxc4 Bxe5 27. fxe5 Nd7 28. c5 Nf8 29. Be4 Qd7 30. Qf2 Rxb1 31. Rxb1 Rd8 32. Rb4 h5 33. h4 Nh7 34. Kh2 f5 35. Qb2 Kh6 36. Bg2 g5 37. hxg5+ Nxg5 38. Qd2 Kg6 39. Qf4 Qa7 40. Bxc6 Qa2+ 41. Bg2 Rh8 42. c6 h4 43. gxh4 Rxh4+ 44. Qxh4 Nf3+ 45. Kg3 Nxh4 46. Bh1 Kg5 47. d5 Qa3+ 48. Kh2 Qxb4 49. d6 Qd2+ 50. Kh3 Qe3+ 51. Kh2 Qxe5+ 0-1


[Site "https://www.chess.com"]

[Event "Titled Tuesday Blitz July 05 Late 2022"]
[White "Makarian, Rudik"]
[Black "He, Anthony"]
[WhiteFideId "44105681"]
[BlackFideId "2088215"]
[WhiteElo "2403"]
[BlackElo "2409"]
[Result "0-1"]
[Round "06"]
[TimeControl "180+1"]
[Date "2022.07.05"]
[WhiteClock "0:00:42"]
[BlackClock "0:01:43"]

1. d3 d5 2. f4 Nh6 3. Nf3 g6 4. e4 Bg7 5. Be2 O-O 6. O-O Nc6 7. Qe1 dxe4 8. dxe4 Nd4 9. Na3 Bg4 10. c3 Nxe2+ 11. Qxe2 Qd7 12. h3 Be6 13. Be3 Qc6 14. Bd4 f6 15. g4 Nf7 16. f5 Bd7 17. Rad1 Rad8 18. Nh4 Ng5 19. fxg6 Nxh3+ 20. Kh2 Ng5 21. gxh7+ Kxh7 22. Nf5 Bxf5 23. exf5 Rh8 24. Rh1 Kg8+ 25. Kg3 Rxh1 0-1


[Site "https://www.chess.com"]

[Event "Titled Tuesday Blitz July 05 Late 2022"]
[White "Martinez Alcantara, Jose Eduardo"]
[Black "Eljanov, Pavel"]
[WhiteFideId "3805662"]
[BlackFideId "14102951"]
[WhiteElo "2703"]
[BlackElo "2601"]
[Result "1/2-1/2"]
[Round "06"]
[TimeControl "180+1"]
[Date "2022.07.05"]
[WhiteClock "0:00:07"]
[BlackClock "0:00:10"]

1. e4 c6 2. d4 d5 3. e5 Bf5 4. h4 h5 5. Bd3 Bxd3 6. Qxd3 Qa5+ 7. b4 Qxb4+ 8. Nd2 e6 9. Rb1 Qe7 10. Ne2 b5 11. a4 a6 12. Nf4 Qc7 13. O-O Ne7 14. Nf3 Nf5 15. Ra1 g6 16. g3 Be7 17. Nh3 Nd7 18. Bg5 Kf8 19. Kh2 Nb6 20. Bxe7+ Qxe7 21. axb5 cxb5 22. Rg1 Na4 23. Nf4 Rc8 24. Ne2 Kg7 25. Kh3 Rc4 26. Rac1 b4 27. g4 hxg4+ 28. Rxg4 Nc3 29. Ng3 Nxg3 30. fxg3 Qc7 31. Ng5 Ne4 32. Rf1 Rc3 33. Qxa6 Nxg5+ 34. Rxg5 Rxc2 35. Qd3 Rc3 36. Qd2 Qe7 37. Rf6 Rc7 38. Qd3 Rh6 39. Kg4 Rb7 40. h5 Qe8 41. hxg6 fxg6 42. Qb3 Qb5 43. Qf3 Qe8 44. Qb3 Qb5 45. Qf3 Qe8 46. Qb3 1/2-1/2


[Site "https://www.chess.com"]

[Event "Titled Tuesday Blitz July 05 Late 2022"]
[White "Matinian, Nikita"]
[Black "So, Wesley"]
[WhiteFideId "24129100"]
[BlackFideId "5202213"]
[WhiteElo "2422"]
[BlackElo "2763"]
[Result "0-1"]
[Round "06"]
[TimeControl "180+1"]
[Date "2022.07.05"]
[WhiteClock "0:00:10"]
[BlackClock "0:00:08"]

1. e4 c5 2. Nc3 d6 3. f4 g6 4. Nf3 Bg7 5. Bb5+ Bd7 6. Bc4 Nc6 7. d3 e6 8. f5 Nge7 9. fxe6 Bxe6 10. Bf4 O-O 11. O-O h6 12. Qd2 g5 13. Bg3 Ng6 14. Nd5 g4 15. Ne1 h5 16. c3 Nce5 17. Nc2 Nxc4 18. dxc4 f5 19. Bxd6 Rf7 20. exf5 Bxf5 21. Bxc5 Qc8 22. Bd4 Qxc4 23. Nce3 Qd3 24. Qxd3 Bxd3 25. Rxf7 Kxf7 26. Bxg7 Kxg7 27. Rd1 Ne5 28. Nc7 Rc8 29. Ne6+ Kh6 30. Nf4 Be4 31. Rd6+ Ng6 32. Re6 Kg5 33. Rxe4 Nxf4 34. Re5+ Kg6 35. Re4 Kg5 36. Re5+ Kg6 37. Nd5 Nd3 38. Ne7+ Kf6 39. Re3 Rd8 40. b3 Nf4 41. c4 Rd1+ 42. Kf2 Rd2+ 43. Kg3 Nxg2 44. Rc3 Kxe7 45. c5 Kd7 46. b4 Ne1 0-1


[Site "https://www.chess.com"]